Workbook

Sheet CYC8301A
A1: Civilité : | B1: Monsieur
A2: Nom : | B2: x
A3: Prénom : | B3: x
A4: Date de naissance : | B4: x
A5: Code diplôme : | B5: CYC8301A
A6: Intitulé : | B6: Ingénieur BTP parcours Bâtiment
A7: Code UE | B7: Intitulé | C7: ECTS | D7: UE valide | E7: ECTS acquis | F7: Coef | G7: NOTE/20 | H7: Année | I7: Commentaires auditeur | J7: Commentaires chaire
A8: UE et UA du diplôme (60 ECTS/an) | C8: 180 | E8: =SUM(E10:E85) -> 180 | G8: ="moyenne : "&ROUNDUP(SUMPRODUCT(F9:F85,G9:G85)/SUM(F9:F85),0)&" /20" -> moyenne : 0 /20 | J8: Joindre CV et LM
A9: I1 | G9: Note, VAE, VES
A10: UTC110 | B10: =_xlfn.XLOOKUP(A10,UE!A:A,UE!B:B) -> Mathématiques appliquées | C10: =_xlfn.XLOOKUP(A10,UE!A:A,UE!C:C) -> 3 | D10: 1 | E10: =IF(D10=1,C10,0) -> 3 | F10: 1 | G10: A valider
A11: UTC102 | B11: =_xlfn.XLOOKUP(A11,UE!A:A,UE!B:B) -> Sciences des matériaux | C11: =_xlfn.XLOOKUP(A11,UE!A:A,UE!C:C) -> 3 | D11: 1 | E11: =IF(D11=1,C11,0) -> 3 | F11: 1 | G11: A valider
A12: UTC103 | B12: =_xlfn.XLOOKUP(A12,UE!A:A,UE!B:B) -> Résistance des matériaux | C12: =_xlfn.XLOOKUP(A12,UE!A:A,UE!C:C) -> 3 | D12: 1 | E12: =IF(D12=1,C12,0) -> 3 | F12: 1 | G12: A valider
A13: UTC104 | B13: =_xlfn.XLOOKUP(A13,UE!A:A,UE!B:B) -> Mécanique des sols | C13: =_xlfn.XLOOKUP(A13,UE!A:A,UE!C:C) -> 3 | D13: 1 | E13: =IF(D13=1,C13,0) -> 3 | F13: 1 | G13: A valider
A14: UTC105 | B14: =_xlfn.XLOOKUP(A14,UE!A:A,UE!B:B) -> Thermique, acoustique, mécanique des fluides | C14: =_xlfn.XLOOKUP(A14,UE!A:A,UE!C:C) -> 3 | D14: 1 | E14: =IF(D14=1,C14,0) -> 3 | F14: 1 | G14: A valider
A15: BTP111 | B15: =_xlfn.XLOOKUP(A15,UE!A:A,UE!B:B) -> Thermique du bâtiment | C15: =_xlfn.XLOOKUP(A15,UE!A:A,UE!C:C) -> 3 | D15: 1 | E15: =IF(D15=1,C15,0) -> 3 | F15: 1 | G15: A valider
A16: BTP112 | B16: =_xlfn.XLOOKUP(A16,UE!A:A,UE!B:B) -> Acoustique du bâtiment | C16: =_xlfn.XLOOKUP(A16,UE!A:A,UE!C:C) -> 3 | D16: 1 | E16: =IF(D16=1,C16,0) -> 3 | F16: 1 | G16: A valider
A17: BTP116 | B17: =_xlfn.XLOOKUP(A17,UE!A:A,UE!B:B) -> Enveloppes du bâtiment | C17: =_xlfn.XLOOKUP(A17,UE!A:A,UE!C:C) -> 3 | D17: 1 | E17: =IF(D17=1,C17,0) -> 3 | F17: 1 | G17: A valider
A18: BTP117 | B18: =_xlfn.XLOOKUP(A18,UE!A:A,UE!B:B) -> Chauffage, ventilation, climatisation | C18: =_xlfn.XLOOKUP(A18,UE!A:A,UE!C:C) -> 3 | D18: 1 | E18: =IF(D18=1,C18,0) -> 3 | F18: 1 | G18: A valider
A19: BTP118 | B19: =_xlfn.XLOOKUP(A19,UE!A:A,UE!B:B) -> Systèmes énergétiques du bâtiment | C19: =_xlfn.XLOOKUP(A19,UE!A:A,UE!C:C) -> 3 | D19: 1 | E19: =IF(D19=1,C19,0) -> 3 | F19: 1 | G19: A valider
A20: BTP119 | B20: =_xlfn.XLOOKUP(A20,UE!A:A,UE!B:B) -> Electricité du bâtiment | C20: =_xlfn.XLOOKUP(A20,UE!A:A,UE!C:C) -> 3 | D20: 1 | E20: =IF(D20=1,C20,0) -> 3 | F20: 1 | G20: A valider
A21: TED001 | B21: =_xlfn.XLOOKUP(A21,UE!A:A,UE!B:B) -> Enjeux des transitions écologiques : comprendre et agir | C21: =_xlfn.XLOOKUP(A21,UE!A:A,UE!C:C) -> 3 | D21: 1 | E21: =IF(D21=1,C21,0) -> 3 | F21: 0 | G21: VES | J21: Convention ENSA
A22: ENG256 | B22: =_xlfn.XLOOKUP(A22,UE!A:A,UE!B:B) -> Information et communication scientifique BTP (ou UE EiCnam) | C22: =_xlfn.XLOOKUP(A22,UE!A:A,UE!C:C) -> 3 | D22: 1 | E22: =IF(D22=1,C22,0) -> 3 | F22: 0 | G22: VES | J22: Convention ENSA
A23: ANG320 | B23: =_xlfn.XLOOKUP(A23,UE!A:A,UE!B:B) -> Anglais professionnel (Licence) | C23: =_xlfn.XLOOKUP(A23,UE!A:A,UE!C:C) -> 6 | D23: 1 | E23: =IF(D23=1,C23,0) -> 6 | F23: 0 | G23: VES | J23: Convention ENSA
A24: UAEP05 | B24: =_xlfn.XLOOKUP(A24,UE!A:A,UE!B:B) -> Expérience professionnelle | C24: =_xlfn.XLOOKUP(A24,UE!A:A,UE!C:C) -> 15 | D24: 1 | E24: =IF(D24=1,C24,0) -> 15 | F24: 0 | G24: A valider
A25: I2 | E25: =IF(D25=1,C25,0) -> 0
A26: UAAD83 | B26: =_xlfn.XLOOKUP(A26,UE!A:A,UE!B:B) -> Admission à l'Ei Cnam | C26: =_xlfn.XLOOKUP(A26,UE!A:A,UE!C:C) -> 0 | D26: 1 | E26: =IF(D26=1,C26,0) -> 0 | F26: 0 | G26: A valider
A27: BTP113 | B27: =_xlfn.XLOOKUP(A27,UE!A:A,UE!B:B) -> Gestion de projet de construction | C27: =_xlfn.XLOOKUP(A27,UE!A:A,UE!C:C) -> 3 | D27: 1 | E27: =IF(D27=1,C27,0) -> 3 | F27: 1 | G27: VES | J27: Convention ENSA
A28: BTP197 | B28: =_xlfn.XLOOKUP(A28,UE!A:A,UE!B:B) -> Droit de la construction | C28: =_xlfn.XLOOKUP(A28,UE!A:A,UE!C:C) -> 3 | D28: 1 | E28: =IF(D28=1,C28,0) -> 3 | F28: 1 | G28: VES | J28: Convention ENSA
A29: BTP106 | B29: =_xlfn.XLOOKUP(A29,UE!A:A,UE!B:B) -> Béton armé | C29: =_xlfn.XLOOKUP(A29,UE!A:A,UE!C:C) -> 3 | D29: 1 | E29: =IF(D29=1,C29,0) -> 3 | F29: 1 | G29: A valider
A30: BTP107 | B30: =_xlfn.XLOOKUP(A30,UE!A:A,UE!B:B) -> Constructions métalliques | C30: =_xlfn.XLOOKUP(A30,UE!A:A,UE!C:C) -> 3 | D30: 1 | E30: =IF(D30=1,C30,0) -> 3 | F30: 1 | G30: A valider
A31: BTP108 | B31: =_xlfn.XLOOKUP(A31,UE!A:A,UE!B:B) -> Constructions bois | C31: =_xlfn.XLOOKUP(A31,UE!A:A,UE!C:C) -> 3 | D31: 1 | E31: =IF(D31=1,C31,0) -> 3 | F31: 1 | G31: A valider
A32: BTP109 | B32: =_xlfn.XLOOKUP(A32,UE!A:A,UE!B:B) -> Fondations | C32: =_xlfn.XLOOKUP(A32,UE!A:A,UE!C:C) -> 3 | D32: 1 | E32: =IF(D32=1,C32,0) -> 3 | F32: 1 | G32: A valider
A33: BTP110 | B33: =_xlfn.XLOOKUP(A33,UE!A:A,UE!B:B) -> Soutènements | C33: =_xlfn.XLOOKUP(A33,UE!A:A,UE!C:C) -> 3 | D33: 1 | E33: =IF(D33=1,C33,0) -> 3 | F33: 1 | G33: A valider
A34: BTP120 | B34: =_xlfn.XLOOKUP(A34,UE!A:A,UE!B:B) -> Management de projet BIM | C34: =_xlfn.XLOOKUP(A34,UE!A:A,UE!C:C) -> 6 | D34: 1 | E34: =IF(D34=1,C34,0) -> 6 | F34: 1 | G34: VES | J34: Convention ENSA
A35: BTP121 | B35: =_xlfn.XLOOKUP(A35,UE!A:A,UE!B:B) -> Bâtiment intelligent | C35: =_xlfn.XLOOKUP(A35,UE!A:A,UE!C:C) -> 3 | D35: 1 | E35: =IF(D35=1,C35,0) -> 3 | F35: 1 | G35: A valider
A36: 12 ECTS au choix | D36: 1 | E36: =IF(D36=1,C36,0) -> 0
A37: BTP164 | B37: =_xlfn.XLOOKUP(A37,UE!A:A,UE!B:B) -> Outils numériques pour le bureau d'études structures | C37: =_xlfn.XLOOKUP(A37,UE!A:A,UE!C:C) -> 6 | D37: 1 | E37: =IF(D37=1,C37,0) -> 6 | F37: 0 | G37: Dispense | J37: Convention ENSA
A38: BTP165 | B38: =_xlfn.XLOOKUP(A38,UE!A:A,UE!B:B) -> Outils numériques pour le bureau d'études thermique | C38: =_xlfn.XLOOKUP(A38,UE!A:A,UE!C:C) -> 6 | D38: 1 | E38: =IF(D38=1,C38,0) -> 6 | F38: 0 | G38: Dispense | J38: Convention ENSA
A39: BTP196 | B39: =_xlfn.XLOOKUP(A39,UE!A:A,UE!B:B) -> Innovation et Entrepreneuriat dans le BTP | C39: =_xlfn.XLOOKUP(A39,UE!A:A,UE!C:C) -> 3 | D39: 1 | E39: =IF(D39=1,C39,0) -> 3 | F39: 1 | G39: A valider
A40: UAEP06 | B40: =_xlfn.XLOOKUP(A40,UE!A:A,UE!B:B) -> Expérience professionnelle | C40: =_xlfn.XLOOKUP(A40,UE!A:A,UE!C:C) -> 15 | D40: 1 | E40: =IF(D40=1,C40,0) -> 15 | F40: 0 | G40: A valider
A41: I3 | E41: =IF(D41=1,C41,0) -> 0
A42: BTP214 | B42: =_xlfn.XLOOKUP(A42,UE!A:A,UE!B:B) -> Matériaux et structures innovantes | C42: =_xlfn.XLOOKUP(A42,UE!A:A,UE!C:C) -> 3 | D42: 1 | E42: =IF(D42=1,C42,0) -> 3 | F42: 1 | G42: A valider
A43: BTP215 | B43: =_xlfn.XLOOKUP(A43,UE!A:A,UE!B:B) -> Réglementations du bâtiment | C43: =_xlfn.XLOOKUP(A43,UE!A:A,UE!C:C) -> 3 | D43: 1 | E43: =IF(D43=1,C43,0) -> 3 | F43: 1 | G43: A valider
A44: MSE212 | B44: =_xlfn.XLOOKUP(A44,UE!A:A,UE!B:B) -> Management interculturel | C44: =_xlfn.XLOOKUP(A44,UE!A:A,UE!C:C) -> 3 | D44: 1 | E44: =IF(D44=1,C44,0) -> 3 | F44: 1 | G44: VES | J44: Convention ENSA
A45: ENG252 | B45: =_xlfn.XLOOKUP(A45,UE!A:A,UE!B:B) -> Initiation à la recherche BTP | C45: =_xlfn.XLOOKUP(A45,UE!A:A,UE!C:C) -> 3 | D45: 1 | E45: =IF(D45=1,C45,0) -> 3 | F45: 1 | G45: A valider
A46: ENG210 | B46: =_xlfn.XLOOKUP(A46,UE!A:A,UE!B:B) -> Ingénieur de demain | C46: =_xlfn.XLOOKUP(A46,UE!A:A,UE!C:C) -> 6 | D46: 1 | E46: =IF(D46=1,C46,0) -> 6 | F46: 1 | G46: A valider
A47: UA2B30 | B47: =_xlfn.XLOOKUP(A47,UE!A:A,UE!B:B) -> Anglais B2 | C47: =_xlfn.XLOOKUP(A47,UE!A:A,UE!C:C) -> 0 | D47: 1 | E47: =IF(D47=1,C47,0) -> 0 | F47: 0 | G47: A valider
A48: UAEP07 | B48: =_xlfn.XLOOKUP(A48,UE!A:A,UE!B:B) -> Expérience professionnelle | C48: =_xlfn.XLOOKUP(A48,UE!A:A,UE!C:C) -> 12 | D48: 1 | E48: =IF(D48=1,C48,0) -> 12 | F48: 0 | G48: A valider
A49: UAM83C | B49: =_xlfn.XLOOKUP(A49,UE!A:A,UE!B:B) -> Mémoire d'ingénieur BTP | C49: =_xlfn.XLOOKUP(A49,UE!A:A,UE!C:C) -> 30 | D49: 1 | E49: =IF(D49=1,C49,0) -> 30 | F49: 1 | G49: A valider
A50: Autres UE | E50: =IF(D50=1,C50,0) -> 0
B51: =_xlfn.XLOOKUP(A51,UE!A:A,UE!B:B) -> 0 | C51: =_xlfn.XLOOKUP(A51,UE!A:A,UE!C:C) -> 0 | E51: =IF(D51=1,C51,0) -> 0
B52: =_xlfn.XLOOKUP(A52,UE!A:A,UE!B:B) -> 0 | C52: =_xlfn.XLOOKUP(A52,UE!A:A,UE!C:C) -> 0 | E52: =IF(D52=1,C52,0) -> 0
B53: =_xlfn.XLOOKUP(A53,UE!A:A,UE!B:B) -> 0 | C53: =_xlfn.XLOOKUP(A53,UE!A:A,UE!C:C) -> 0 | E53: =IF(D53=1,C53,0) -> 0
B54: =_xlfn.XLOOKUP(A54,UE!A:A,UE!B:B) -> 0 | C54: =_xlfn.XLOOKUP(A54,UE!A:A,UE!C:C) -> 0 | E54: =IF(D54=1,C54,0) -> 0
B55: =_xlfn.XLOOKUP(A55,UE!A:A,UE!B:B) -> 0 | C55: =_xlfn.XLOOKUP(A55,UE!A:A,UE!C:C) -> 0 | E55: =IF(D55=1,C55,0) -> 0
B56: =_xlfn.XLOOKUP(A56,UE!A:A,UE!B:B) -> 0 | C56: =_xlfn.XLOOKUP(A56,UE!A:A,UE!C:C) -> 0 | E56: =IF(D56=1,C56,0) -> 0
B57: =_xlfn.XLOOKUP(A57,UE!A:A,UE!B:B) -> 0 | C57: =_xlfn.XLOOKUP(A57,UE!A:A,UE!C:C) -> 0 | E57: =IF(D57=1,C57,0) -> 0
B58: =_xlfn.XLOOKUP(A58,UE!A:A,UE!B:B) -> 0 | C58: =_xlfn.XLOOKUP(A58,UE!A:A,UE!C:C) -> 0 | E58: =IF(D58=1,C58,0) -> 0
B59: =_xlfn.XLOOKUP(A59,UE!A:A,UE!B:B) -> 0 | C59: =_xlfn.XLOOKUP(A59,UE!A:A,UE!C:C) -> 0 | E59: =IF(D59=1,C59,0) -> 0
B60: =_xlfn.XLOOKUP(A60,UE!A:A,UE!B:B) -> 0 | C60: =_xlfn.XLOOKUP(A60,UE!A:A,UE!C:C) -> 0 | E60: =IF(D60=1,C60,0) -> 0
B61: =_xlfn.XLOOKUP(A61,UE!A:A,UE!B:B) -> 0 | C61: =_xlfn.XLOOKUP(A61,UE!A:A,UE!C:C) -> 0 | E61: =IF(D61=1,C61,0) -> 0
B62: =_xlfn.XLOOKUP(A62,UE!A:A,UE!B:B) -> 0 | C62: =_xlfn.XLOOKUP(A62,UE!A:A,UE!C:C) -> 0 | E62: =IF(D62=1,C62,0) -> 0
... B85: =_xlfn.XLOOKUP(A85,UE!A:A,UE!B:B) -> 0 | C85: =_xlfn.XLOOKUP(A85,UE!A:A,UE!C:C) -> 0 | E85: =IF(D85=1,C85,0) -> 0
A86: Prérequis éventuels | C86: 18 | E86: =SUM(E87:E92) -> 0 | J86: 18 ECTS pour les ENSA
A87: BTP005 | B87: =_xlfn.XLOOKUP(A87,UE!A:A,UE!B:B) -> Résistance des matériaux | C87: =_xlfn.XLOOKUP(A87,UE!A:A,UE!C:C) -> 6 | E87: 0
A88: BTP013 | B88: =_xlfn.XLOOKUP(A88,UE!A:A,UE!B:B) -> Physique du bâtiment | C88: =_xlfn.XLOOKUP(A88,UE!A:A,UE!C:C) -> 6 | E88: 0
A89: BTP007 | B89: =_xlfn.XLOOKUP(A89,UE!A:A,UE!B:B) -> Béton armé et précontraint | C89: =_xlfn.XLOOKUP(A89,UE!A:A,UE!C:C) -> 6 | E89: 0
B90: =_xlfn.XLOOKUP(A90,UE!A:A,UE!B:B) -> 0 | C90: =_xlfn.XLOOKUP(A90,UE!A:A,UE!C:C) -> 0 | E90: 0
B91: =_xlfn.XLOOKUP(A91,UE!A:A,UE!B:B) -> 0 | C91: =_xlfn.XLOOKUP(A91,UE!A:A,UE!C:C) -> 0 | E91: 0
B92: =_xlfn.XLOOKUP(A92,UE!A:A,UE!B:B) -> 0 | C92: =_xlfn.XLOOKUP(A92,UE!A:A,UE!C:C) -> 0 | E92: 0
A93: Commentaires :

Sheet Feuil1
A1: I1 | C1: 60
A2: UTC110 | B2: Mathématiques appliquées | C2: 3
A3: UTC102 | B3: Sciences des matériaux | C3: 3
A4: UTC103 | B4: Résistance des matériaux | C4: 3
A5: UTC104 | B5: Mécanique des sols | C5: 3
A6: UTC105 | B6: Thermique, acoustique, mécanique des fluides | C6: 3
A7: BTP111 | B7: Thermique du bâtiment | C7: 3
A8: BTP112 | B8: Acoustique du bâtiment | C8: 3
A9: BTP116 | B9: Enveloppes du bâtiment | C9: 3
A10: BTP117 | B10: Chauffage, ventilation, climatisation | C10: 3
A11: BTP118 | B11: Systèmes énergétiques du bâtiment | C11: 3
A12: BTP119 | B12: Electricité du bâtiment | C12: 3
A13: TED001 | B13: Enjeux des transitions écologiques : comprendre et agir | C13: 3
... A16: UAEP05 | B16: Expérience professionnelle | C16: 15
A17: I2 | C17: 60
A18: UAAD83 | B18: Admission à l'Ei Cnam | C18: 0
A19: BTP113 | B19: Gestion de projet de construction | C19: 3
A20: BTP197 | B20: Droit de la construction | C20: 3
A21: BTP106 | B21: Béton armé | C21: 3
A22: BTP107 | B22: Constructions métalliques | C22: 3
A23: BTP108 | B23: Constructions bois | C23: 3
A24: BTP109 | B24: Fondations | C24: 3
A25: BTP110 | B25: Soutènements | C25: 3
A26: BTP120 | B26: Management de projet BIM | C26: 6
A27: BTP121 | B27: Bâtiment intelligent | C27: 3
A28: 12 ECTS au Choix | C28: 12
A29: BTP164 | B29: Outils numériques pour le bureau d'études structures
A30: BTP165 | B30: Outils numériques pour le bureau d'études thermique
A31: PUCN05 | B31: jusqu'à 12 ECTS au choix, après accord du responsable du diplôme
A32: BTP196 | B32: Innovation et Entrepreneuriat dans le BTP | C32: 3
A33: UAEP06 | B33: Expérience professionnelle | C33: 15
A34: I3 | C34: 60
A35: BTP214 | B35: Matériaux et structures innovantes | C35: 3
A36: BTP215 | B36: Réglementations du bâtiment | C36: 3
A37: MSE212 | B37: Management interculturel | C37: 3
A38: ENG252 | B38: Initiation à la recherche BTP | C38: 3
A39: ENG210 | B39: Ingénieur de demain | C39: 6
A40: UA2B30 | B40: Anglais B2 | C40: 0
A41: UAEP07 | B41: Expérience professionnelle | C41: 12
A42: UAM83C | B42: Mémoire d'ingénieur BTP | C42: 30

Sheet UE
A1: Code | B1: Intitulé | C1: Crédits
A2: ACD204 | B2: Mercatique de l'innovation | C2: 6
A3: ACL101 | B3: Les fondamentaux des collectivités locales | C3: 6
A4: AER004 | B4: Mécanique des fluides industrielle I | C4: 6
A5: AER006 | B5: Actions climatiques sur les constructions | C5: 4
A6: AER110 | B6: Actions climatiques sur les constructions élancées | C6: 6
A7: ANG100 | B7: Anglais général pour débutant | C7: 6
A8: ANG300 | B8: Anglais | C8: 6
A9: ANG320 | B9: Anglais professionnel (Licence) | C9: 6
A10: ANG330 | B10: Anglais professionnel (Master) | C10: 6
A11: BTP001 | B11: Construction | C11: 6
A12: BTP002 | B12: Métré, études de prix et économie de la construction | C12: 6
A13: BTP003 | B13: Maquette numérique | C13: 6
... A83: BTP158 | B83: Dynamique des sols, génie parasismique | C83: 3
A84: BTP159 | B84: 0 | C84: 0
A85: BTP160 | B85: Outils numériques pour le calcul de structures BTP | C85: 6
A86: BTP161 | B86: Outils numériques pour le dimensionnement des structures béton armé | C86: 6
A87: BTP162 | B87: Outils numériques pour le dimensionnement des structures métalliques | C87: 6
A88: BTP163 | B88: Outils numériques pour le dimensionnement des structures bois | C88: 6
A89: BTP164 | B89: Outils numériques pour le bureau d'études structures | C89: 6
A90: BTP165 | B90: Outils numériques pour le bureau d'études thermique | C90: 6
A91: BTP166 | B91: Outils numériques et IA pour la gestion de projet BTP | C91: 6
A92: BTP167 | B92: 0 | C92: 0
A93: BTP168 | B93: 0 | C93: 0
A94: BTP169 | B94: 0 | C94: 0
A95: BTP170 | B95: Stratégie BIM | C95: 3
A96: BTP171 | B96: Programmation BIM | C96: 6
A97: BTP172 | B97: Traitement des données BIM | C97: 6
A98: BTP173 | B98: Outils Numériques, Labs, processus : BIM, Réalité virtuelle, Jumeaux Numériques, IA | C98: 6
A99: BTP174 | B99: 0 | C99: 0
A100: BTP175 | B100: 0 | C100: 0
A101: BTP176 | B101: 0 | C101: 0
A102: BTP177 | B102: 0 | C102: 0
A103: BTP178 | B103: 0 | C103: 0
A104: BTP179 | B104: 0 | C104: 0
A105: BTP180 | B105: 0 | C105: 0
A106: BTP181 | B106: 0 | C106: 0
A107: BTP182 | B107: 0 | C107: 0
A108: BTP183 | B108: 0 | C108: 0
A109: BTP184 | B109: 0 | C109: 0
A110: BTP185 | B110: 0 | C110: 0
... A118: BTP193 | B118: 0 | C118: 0
A119: BTP194 | B119: LEAN BTP | C119: 3
A120: BTP195 | B120: QSE BTP | C120: 3
A121: BTP196 | B121: Innovation et Entrepreneuriat dans le BTP | C121: 3
A122: BTP197 | B122: Droit de la construction | C122: 3
A123: BTP198 | B123: Economie de la construction durable | C123: 3
A124: BTP199 | B124: Management de la construction durable | C124: 3
A125: BTP200 | B125: Atelier de management de l'écoconstruction | C125: 3
A126: BTP201 | B126: Projet de bâtiment | C126: 12
A127: BTP203 | B127: Projet de travaux publics | C127: 12
A128: BTP204 | B128: Projet de bâtiment en zone tropicale | C128: 12
A129: BTP205 | B129: Projet de structure | C129: 12
A130: BTP207 | B130: Logiciels géotechniques de fondations, soutènements et stabilité de talus | C130: 3
... A141: BTP218 | B141: Modélisation numérique pour l'ingénieur géotechnique | C141: 6
A142: BTP219 | B142: 0 | C142: 0
A143: BTP220 | B143: 0 | C143: 0
A144: BTP300 | B144: Management de projet BIM & jumeaux numériques pour la maîtrise d'ouvrage | C144: 6
A145: BTP301 | B145: Métré et études de prix | C145: 3
A146: BTP302 | B146: Actions climatiques sur les constructions | C146: 3
A147: BTP303 | B147: Résistance des matériaux II | C147: 6
A148: BTP304 | B148: Mathématiques appliquées II | C148: 3
A149: BTP305 | B149: Béton précontraint II | C149: 3
A150: BTP306 | B150: Management et règlementation de la construction | C150: 6
A151: BTP307 | B151: Méthode des éléments finis | C151: 3
A152: BTP308 | B152: Outils numériques pour la construction métallique | C152: 3
A153: BTP309 | B153: Outils numériques pour le béton armé | C153: 3
A154: BTP310 | B154: 0 | C154: 0
A155: BTP400 | B155: TEST | C155: 6
A156: CCE001 | B156: Outils et démarche de la communication écrite et orale | C156: 4
A157: CCE105 | B157: Pratiques écrites et orales | C157: 4
A158: CCV001 | B158: Résistance des matériaux 1 | C158: 6
A159: CCV002 | B159: Résistance des matériaux 2 | C159: 6
A160: CCV003 | B160: Fonction du bâitment | C160: 6
A161: CCV004 | B161: Éléments de béton armé | C161: 6
A162: CCV005 | B162: Topographie | C162: 6
A163: CCV005 | B163: Topographie | C163: 6
A164: CCV008 | B164: Constructions métalliques et bois | C164: 6
A165: CCV008 | B165: Constructions métalliques et bois | C165: 6
A166: CCV010 | B166: Thermique du bâtiment | C166: 6
... A362: UABT25 | B362: Mémoire de Master génie civil en alternance | C362: 12
A363: UABT26 | B363: 0 | C363: 6
A364: UABT27 | B364: Expérience professionnelle (DEUST1) | C364: 15
A365: UABT28 | B365: 0 | C365: 0
A366: UABT29 | B366: Expérience professionnelle de LP génie civil et construction (année 1) | C366: 16
A367: UABT30 | B367: Expérience professionnelle de LP génie civil et construction (année 2) | C367: 18
A368: UABT31 | B368: Apprentissage en entreprise de l'ingénieur BTP 1 | C368: 15
A369: UABT32 | B369: Apprentissage en entreprise de l'ingénieur BTP 2 | C369: 15
A370: UABT33 | B370: Apprentissage en entreprise de l'ingénieur BTP 3 | C370: 15
A371: UABT34 | B371: Apprentissage en entreprise de l'ingénieur BTP 4 | C371: 15
A372: UABT35 | B372: Apprentissage en entreprise de l'ingénieur BTP 5 | C372: 9
A373: UABT36 | B373: Mobilité internationale de l'ingénieur BTP | C373: 3
A374: UABT37 | B374: Mémoire d'ingénieur BTP | C374: 18
A375: ﻿UABT38 | B375: Expérience professionnelle | C375: 18
A376: ﻿UABT39 | B376: Expérience professionnelle | C376: 15
A377: ﻿UABT40 | B377: Expérience professionnelle | C377: 9
... A382: UABT45 | B382: Mémoire de DEUST BTP en alternance | C382: 9
A383: ﻿UABT46 | B383: 0 | C383: 0
A384: ﻿UABT47 | B384: 0 | C384: 0
A385: ﻿UABT48 | B385: 0 | C385: 0
...
